 Dungeon Crawl Stone Soup version 0.30-a0-779-g7971cf19c3 (webtiles) character file.

Game seed: 12473781858308116022

2359 Flugslaktarn the Cleaver (level 9, 0/79 HPs)
             Began as a Minotaur Fighter on Feb 17, 2023.
             Was an Initiate of Gozag.
             Asphyxiated
             ... on level 7 of the Dungeon.
             The game lasted 00:02:59 (5697 turns).

Flugslaktarn the Cleaver (Minotaur Fighter)         Turns: 5697, Time: 00:03:00

Health: 0/79       AC: 10    Str: 31    XL:     9   Next: 20%
Magic:  8/8        EV: 10    Int:  5    God:    Gozag
Gold:   595        SH:  5    Dex:  9    Spells: 8/8 levels left

rFire   . . .      SeeInvis .    a - +0 war axe
rCold   . . .      Faith    .    c - +0 buckler
rNeg    + . .      Spirit   .    b - +0 scale mail
rPois   .          Reflect  .    e - +0 hat of Failure {rN+ Str+5}
rElec   .          Harm     .    d - +0 cloak
rCorr   .          Rampage  .    p - +0 pair of gloves
Will    .....                    (no boots) Stlth
                                 (no amulet)
HPRegen 0.33/turn                (no ring)
MPRegen 0.11/turn                (no ring)

@: lethally poisoned (0 -> -33), slowed, very slow
A: horns 2, retaliatory headbutt
a: Renounce Religion, Potion Petition, Call Merchant, Bribe Branch


You were on level 7 of the Dungeon.
You worshipped Gozag.
Gozag was pleased with you.
You visited 2 branches of the dungeon, and saw 8 of its levels.

You collected 688 gold pieces.
You paid 93 gold pieces to Gozag.

Inventory:

Hand Weapons
 a - a +0 war axe (weapon)
Armour
 b - a +0 scale mail (worn)
 c - a +0 buckler (worn)
 d - a +0 cloak (worn)
   (You took it off Crazy Yiuf on level 4 of the Dungeon)
 e - the +0 hat of Failure (worn) {rN+ Str+5}
   (You acquired it on level 5 of the Dungeon)

   Str:       It affects your strength (+5).
   rN:        It protects you from negative energy.
 p - a +0 pair of gloves (worn)
   (You found it on level 3 of the Dungeon)
Scrolls
 f - a scroll of enchant weapon {unknown}
 i - a scroll of silence {unknown}
 n - a scroll of acquirement
 r - a scroll of identify
 z - 4 scrolls of blinking
Potions
 g - a potion of flight
 h - a potion of haste
 j - a potion of berserk rage {unknown}
 k - a potion of cancellation
 s - a potion of degeneration {unknown}
 v - 4 potions of brilliance
 w - a potion of heal wounds


   Skills:
 + Level 7.5 Fighting
 * Level 9.7 Axes
 + Level 7.6 Armour
 + Level 7.5 Shields


You had 8 spell levels left.
You didn't know any spells.
Your spell library was empty.

Dungeon Overview and Level Annotations

Branches:
Dungeon (7/15)             Temple (1/1) D:4

Altars:
Ashenzari
Cheibriados
Dithmenos
Elyvilon
Fedhas
Gozag
Hepliaklqana
Kikubaaqudgha
Makhleb
Nemelex Xobeh
Okawaru
Qazlal
Ru
Sif Muna
Trog
Uskayaw
Vehumet
Wu Jian
Xom
Yredelemnul
Zin
The Shining One


Innate Abilities, Weirdness & Mutations

You have a pair of horns on your head.
You reflexively headbutt those who attack you in melee.


Message History

You see here 7 stones.
Found a trident.
Found a Young Poisoner's Handbook.
Found a radiant altar of Vehumet.
No target in view!
No target in view!
No target in view!
Found a shimmering blue altar of Sif Muna.
Done exploring.
Done exploring.
Done exploring.
Done exploring.
Done exploring.
(D) Dungeon (T) Temple
Where to? (Enter - D:6, ? - help)
You open the door.
There is an open door here.
There is an open door here.
There is an open door here.
There is an open door here.
There is a stone staircase leading down here.
You climb downwards.
The white imp shouts!
You hear a shout!
Found an escape hatch in the floor.
There is a stone staircase leading up here.
There are monsters nearby!
Unknown command.
There are monsters nearby!
There are monsters nearby!
There are monsters nearby!
The white imp closely misses you.
You closely miss the scorpion. You headbutt the scorpion!
The scorpion is heavily wounded.
You slash the white imp! You block the scorpion's attack.
The white imp gestures at you. The puff of frost hits you.
The scorpion stings you.
You are poisoned.
The scorpion poisons you!
You closely miss the white imp.
The white imp is almost dead.
You barely miss the scorpion.
You feel very sick. You block the scorpion's attack.
An ogre comes into view. It is wielding a +0 giant spiked club.
The white imp gestures at you. The puff of frost hits you!
You hit the white imp.
You kill the white imp!
You hit the scorpion.
You feel very sick. The scorpion stings you.
You are more poisoned.
The scorpion poisons you!
Found a scroll of teleportation and a falchion.
You feel very sick. You block the scorpion's attack.
The ogre closely misses you.
You see here 6 gold pieces.
You slash the scorpion!
You kill the scorpion!
You hit the ogre.
You feel very sick.
The ogre hits you with a +0 giant spiked club!!
You are too injured to fight recklessly!
You are too injured to fight recklessly!
You hit the ogre. Your headbutt misses the ogre.
The ogre is lightly wounded.
You feel very sick.
A kobold brigand comes into view.
It is wielding a +0 dagger and quivering curare-tipped darts.
An orc comes into view. It is wielding a +0 club.
Unknown command.
Okay, then.
You slice the ogre!!
The ogre is almost dead.
You feel sick.
An ice beast comes into view.
The ogre barely misses you.
Unknown command.
You slice the ogre!!
You kill the ogre!
You slash the kobold brigand!
You feel sick.
The kobold brigand hits you with a +0 dagger.
* * * LOW HITPOINT WARNING * * *
Unknown command.
The kobold brigand attacks as you move away!
You block the kobold brigand's attack.
You feel sick.
You feel sick.
The kobold brigand throws a curare-tipped dart.
The curare-tipped dart hits you.
You are more poisoned.
You have difficulty breathing.
* * * LOW HITPOINT WARNING * * *
You feel yourself slow down.
* * * LOW HITPOINT WARNING * * *
You feel very sick.
The kobold brigand throws a curare-tipped dart.
The curare-tipped dart hits you.
You are more poisoned.
You have difficulty breathing.
You die...
Your body crumbles into a pile of gold.

#.#..... .
#####.#..... ..
.....#...###. ...
#............
#....##............
#..................
##...##...........
.......<@..K..#
###...#....$$#.#
#.........#.#
#...#.....# .#
.....+...o.# ?⌠
###.. #.....# Y#
#.. #.....# .# $ ..
.>..... . .........


You could see a kobold brigand and an orc.

Vanquished Creatures
  A two-headed ogre (D:5)
  Sigmund (D:6)
  2 water moccasins
  3 ice beasts
  Pargi (D:4)
  A black bear (D:6)
  2 ogres
  2 scorpions
  A howler monkey (D:6)
  5 jellies
  Crazy Yiuf (D:4)
  A gnoll bouda (D:5)
  6 hounds
  2 iguanas
  2 orc wizards
  4 gnolls (D:5)
  4 adders
  A white imp (D:7)
  3 dart slugs
  11 orcs
  6 ball pythons
  7 bats
  7 endoplasms
  5 giant cockroaches
  3 goblins
  5 hobgoblins
  9 jackals
  4 quokkas
  A frilled lizard (D:3)
  4 kobolds
  3 rats
108 creatures vanquished.

Notes
Turn   | Place    | Note
-------+----------+-------------------------------------------
     0 | D:1      | Flugslaktarn the Minotaur Fighter began the quest for the
                  | Orb.
     0 | D:1      | Reached XP level 1. HP: 19/19 MP: 0/0
   177 | D:1      | Reached XP level 2. HP: 27/27 MP: 1/1
   261 | D:1      | Reached skill level 3 in Axes
   839 | D:2      | Reached XP level 3. HP: 27/33 MP: 2/2
  1074 | D:2      | Found a radiant altar of Vehumet.
  1806 | D:3      | Found a faded altar of an unknown god.
  1912 | D:3      | Reached XP level 4. HP: 35/40 MP: 3/3
  2163 | D:4      | Reached skill level 4 in Axes
  2477 | D:4      | Noticed an ogre
  2482 | D:4      | Reached XP level 5. HP: 34/47 MP: 4/4
  2482 | D:4      | Killed an ogre
  2581 | D:4      | Found a staircase to the Ecumenical Temple.
  2581 | D:4      | Noticed Pargi
  2596 | D:4      | Killed Pargi
  2597 | D:4      | Reached skill level 5 in Axes
  2597 | D:4      | Reached skill level 5 in Armour
  2597 | D:4      | Reached XP level 6. HP: 24/55 MP: 5/5
  2599 | D:4      | Reached skill level 5 in Shields
  2615 | Temple   | Entered the Ecumenical Temple
  2717 | Temple   | Became a worshipper of Gozag Ym Sagoz the Greedy
  2793 | D:4      | Reached skill level 5 in Fighting
  2975 | D:4      | Found a runed translucent door.
  2976 | D:4      | Noticed Crazy Yiuf
  3148 | D:4      | Paralysed by Crazy Yiuf for 2 turns
  3150 | D:4      | Killed Crazy Yiuf
  3291 | D:5      | Entered Level 5 of the Dungeon
  3389 | D:5      | Noticed a water moccasin
  3396 | D:5      | Killed a water moccasin
  3397 | D:5      | Reached skill level 6 in Axes
  3397 | D:5      | Reached XP level 7. HP: 21/61 MP: 6/6
  3940 | D:5      | Reached skill level 7 in Axes
  3942 | D:5      | Found Hifote's Humungous Hoard.
  3982 | D:5      | Noticed a two-headed ogre
  3993 | D:5      | Killed a two-headed ogre
  3994 | D:5      | Reached skill level 8 in Axes
  3994 | D:5      | Reached XP level 8. HP: 35/71 MP: 7/7
  4354 | D:5      | Identified 2 scrolls of acquirement
  4465 | D:5      | Acquired the +0 hat of Failure {rN+ Str+5}
  4590 | D:6      | Reached skill level 9 in Axes
  4810 | D:6      | Found an iron altar of Okawaru.
  4891 | D:6      | Noticed Sigmund
  4917 | D:6      | Found a sacrificial altar of Ru.
  4926 | D:6      | Reached XP level 9. HP: 16/79 MP: 8/8
  5164 | D:6      | Killed Sigmund
  5508 | D:6      | Found a radiant altar of Vehumet.
  5516 | D:6      | Found a shimmering blue altar of Sif Muna.
  5697 | D:7      | Asphyxiated

Illustrated notes

Levels and vault maps discovered:
D:1:      psy_arrival_radial01, layout_basic
D:2:      layout_basic, basic_altar
D:3:      layout_basic, shapermc_ecumenical_altar_hornbeckon, dk_noncrumbling_4,
          ebering_dispersal_statue_hall
D:4:      layout_basic, minmay_temple_entry_glass, uniq_crazy_yiuf_cottage,
          uniq_pargi
D:5:      layout_basic, nicolae_alphabet_shops,
          hangedman_abyss_or_decor_lesser_grid
D:6:      layout_cave_pools, nicolae_overflow_quartered_altars,
          nicolae_hexahallways, serial_bayou_pond_a, uniq_sigmund
D:7:      layout_basic, minmay_circle_x
Temple:   nicolae_temple_no_exploring_needed

Skill      XL: |  1  2  3  4  5  6  7  8 |
---------------+-------------------------+-----
Axes           | 3 4 5 6 8 9 |  9.7
Fighting       | 4 5 6 7 |  7.5
Armour         | 4 5 6 7 |  7.6
Shields        | 4 5 6 7 |  7.5

Action                     |  1- 3 |  4- 6 |  7- 9 || total
---------------------------+-------+-------+-------++-------
  Melee: War axe           |    80 |    73 |   118 ||   271
         Headbutt          |    10 |     7 |    22 ||    39
    Use: Potion            |       |     1 |     4 ||     5
         Scroll            |       |       |    14 ||    14
 Armour: Scale mail        |    37 |    49 |    83 ||   169
  Dodge: Dodged            |    42 |    40 |    49 ||   131
  Block: Buckler           |    17 |    21 |    31 ||    69

Table legend: (Time is in decaauts)
 A = Elapsed time spent in this place.
 B = Non-inter-level travel time spent in this place.
 C = Inter-level travel time spent in this place.
 D = Time resting spent in this place.
 E = Time spent auto-exploring this place.
 F = Levels seen in this place.
 G = Mean time per level.
                   A        B        C        D        E       F      G
               +--------+--------+--------+--------+--------+-----+--------+
         Total |   5753 |   5552 |    201 |    801 |   3976 |   8 |  719.1 |
       Dungeon |   5643 |   5454 |    189 |    801 |   3882 |   7 |  806.1 |
        Temple |    109 |     97 |     12 |      0 |     94 |   1 |  109.0 |
               +--------+--------+--------+--------+--------+-----+--------+

Top non-repeatable levels by time:
     D:5: 1212 daAuts
     D:6: 1180 daAuts
     D:4: 1044 daAuts
     D:3: 842 daAuts
     D:1: 781 daAuts
     D:2: 568 daAuts
  Temple: 109 daAuts
     D:7: 14 daAuts
